 Dungeon Crawl Stone Soup version 0.26-a0-835-g8259106e14 (webtiles) character file.

Game seed: 3604810753125343712

1741 robertstho the Grappler (level 8, 0/79 HPs)
             Began as a Troll Delver on Nov 17, 2020.
             Succumbed to a killer bee's poison
             ... on level 7 of the Dungeon.
             The game lasted 00:06:31 (5042 turns).

robertstho the Grappler (Troll Delver)              Turns: 5042, Time: 00:06:32

Health: 0/79       AC:  9    Str: 22 (23) XL:     8   Next: 77%
Magic:  7/7        EV: 10    Int:  3 (6)  God:
Gold:   198        SH:  0    Dex: 10 (11) Spells: 7/7 levels left

rFire    . . .     SeeInvis .     - Unarmed
rCold    . . .     Faith    .   (no shield)
rNeg     . . .     Spirit   .   a - +0 robe
rPois    .         Reflect  .   (helmet restricted)
rElec    .         Harm     .   r - +2 cloak {MR+}
rCorr    .         Rampage  .   (gloves unavailable)
MR       +....                  (boots unavailable)
Stlth    ++........             (no amulet)
HPRegen  0.63/turn              (no ring)
MPRegen  0.10/turn              (no ring)

@: lethally poisoned (0 -> -12), hasted, very quick
A: large, unfitting armour, claws 3, regeneration 1, shaggy fur 1, tough skin 3
a: no special abilities


You were on level 7 of the Dungeon.
You visited 1 branch of the dungeon, and saw 7 of its levels.

You collected 198 gold pieces.

Inventory:

Hand Weapons
 q - a +2 quarterstaff of chaos
Armour
 a - a +0 robe (worn)
 r - a +2 cloak of magic resistance (worn)
Jewellery
 t - an uncursed ring of resist corrosion {unknown}
 y - a cursed ring of attention {unknown}
 z - an uncursed ring of flight {unknown}
Wands
 f - a wand of digging (3)
 o - a wand of flame (10)
Scrolls
 b - a scroll of fog
 c - 2 scrolls of magic mapping
 d - 2 scrolls of fear
 g - 9 scrolls of identify {unknown}
 j - a scroll of noise {unknown}
 k - 4 scrolls of remove curse {unknown}
 u - 8 scrolls of teleportation {unknown}
 v - a scroll of blinking {unknown}
 w - 3 scrolls of amnesia {unknown}
 x - 2 scrolls of enchant weapon {unknown}
Potions
 e - a potion of haste
 h - 2 potions of might {unknown}
 i - 2 potions of curing {unknown}
 l - a potion of cancellation {unknown}
 m - 2 potions of heal wounds {unknown}
 n - 2 potions of attraction {unknown}
 p - 2 potions of lignification {unknown}
 s - 3 potions of degeneration
 A - a potion of magic {unknown}
 B - 2 potions of brilliance {unknown}
 C - a potion of ambrosia {unknown}


   Skills:
 * Level 4.4 Fighting
 + Level 3.0 Dodging
 + Level 4.2 Stealth
 * Level 8.7 Unarmed Combat


You had 7 spell levels left.
You didn't know any spells.
Your spell library contained the following spells:

 Spells                   Type           Power        Failure   Level
 Magic Dart               Conj           #...         52%         1
 Searing Ray              Conj           #.....       67%         2
 Dazzling Flash           Conj/Hex       #.....       88%         3
 Fulminant Prism          Conj/Hex       #.........   99%         4
 Iskenderun's Mystic Bla  Conj/Tloc      #.......     99%         4


Dungeon Overview and Level Annotations

Branches:
Dungeon (7/15)
 Temple: D:4-7

Altars:
Nemelex Xobeh
Vehumet

Shops:
D:4 [


Innate Abilities, Weirdness & Mutations

You are too large for most types of armour.
You have claws for hands.
Your natural rate of healing is unusually fast.
You are covered in fur. (AC +1)
You have extremely tough skin. (AC +3)


Message History

The killer bee is lightly wounded.
You feel sick. The killer bee stings you!
* * * LOW HITPOINT WARNING * * *
You are more poisoned.
The killer bee poisons you!
You completely miss the killer bee.
The killer bee is lightly wounded.
You feel sick. The killer bee stings you.
* * * LOW HITPOINT WARNING * * *
You closely miss the killer bee.
The killer bee is lightly wounded.
* * * LOW HITPOINT WARNING * * *
You feel sick. The killer bee stings you!
* * * LOW HITPOINT WARNING * * *
You are more poisoned.
The killer bee poisons you!
It was a potion of degeneration.
There was something very wrong with that liquid.
You feel weakened.
You feel dopey.
You feel clumsy.
You die...

#..........# ..........#
......... ....... ..... .y.
########### #y#
#........)#####@#
#...............#
#...............#
#...............##############
#...............#............#
#...)(..........#.##########.#
#......(........#.#.....<..#.#
#...............#.##.###.#.#.#
#....((...#######.##.#...#.#.#


You could see 2 killer bees.

Vanquished Creatures
  Eustachio (D:4)
  A wraith (D:7)
  An ice beast (D:5)
  A sky beast (D:3)
  2 centaurs
  4 ogres
  A bullfrog (D:6)
  4 killer bees (D:7)
  A bullfrog zombie (D:5)
  A hound (D:5)
  Crazy Yiuf (D:3)
  An orc priest (D:6)
  2 orc wizards (D:6)
  An iguana (D:4)
  4 worker ants
  A hound skeleton (D:4)
  7 adders
  2 white imps (D:6)
  An ufetubus (D:6)
  An adder skeleton (D:7)
  6 worms
  2 dart slugs
  8 leopard geckos
  14 orcs
  4 giant cockroaches
  6 goblins
  10 hobgoblins
  6 jackals
  10 kobolds
  A quokka (D:2)
  A ball python (D:7)
  5 bats
  3 frilled lizards
  2 leopard gecko skeletons
  7 rats
123 creatures vanquished.

Notes
Turn   | Place    | Note
-------+----------+-------------------------------------------
     0 | D:5      | robertstho the Troll Delver began the quest for the Orb.
     0 | D:5      | Reached XP level 1. HP: 22/22 MP: 0/0
    10 | D:5      | Noticed an ogre
    12 | D:5      | Reached XP level 2. HP: 29/29 MP: 1/1
    19 | D:4      | Noticed an ogre
    81 | D:3      | Noticed a sky beast
    91 | D:3      | Killed a sky beast
    92 | D:3      | Reached XP level 3. HP: 14/37 MP: 2/2
    92 | D:3      | Reached XP level 4. HP: 17/45 MP: 3/3
   444 | D:3      | Found a runed translucent door.
   445 | D:3      | Noticed Crazy Yiuf
   838 | D:3      | Killed Crazy Yiuf
   839 | D:3      | Reached skill level 3 in Unarmed Combat
   839 | D:3      | Reached XP level 5. HP: 15/53 MP: 4/4
  2655 | D:4      | Killed an ogre
  2656 | D:4      | Reached skill level 4 in Unarmed Combat
  2656 | D:4      | Reached XP level 6. HP: 20/61 MP: 5/5
  2780 | D:4      | Found Wyschayko's Armour Shop.
  3142 | D:4      | Noticed Eustachio
  3155 | D:4      | Killed Eustachio
  3156 | D:4      | Reached skill level 5 in Unarmed Combat
  3156 | D:4      | Reached XP level 7. HP: 53/67 MP: 6/6
  3445 | D:5      | Reached skill level 6 in Unarmed Combat
  3631 | D:5      | Reached XP level 8. HP: 78/78 MP: 7/7
  3676 | D:5      | Found a radiant altar of Vehumet.
  4096 | D:5      | Found a sparkling altar of Nemelex Xobeh.
  4120 | D:5      | Reached skill level 7 in Unarmed Combat
  4947 | D:7      | Reached skill level 8 in Unarmed Combat
  5041 | D:7      | HP: 1/79 [killer bee (8)]
  5042 | D:7      | Succumbed to a killer bee's poison

Illustrated notes

Levels and vault maps discovered:
D:1:      mrwooster_arrival_arrow, layout_basic
D:2:      layout_loops_cross, minmay_misc_feat_roman, minmay_misc_feat_square,
          minmay_hedge_maze
D:3:      layout_loops_ring, uniq_crazy_yiuf_cottage
D:4:      layout_cave_pods, serial_shops, kennysheep_mini, uniq_eustachio
D:5:      layout_loops_ring, fiery_altar_vehumet, basic_altar
D:6:      layout_cave_pools
D:7:      layout_basic, temple_statues

Skill      XL: |  1  2  3  4  5  6  7  8 |
---------------+-------------------------+-----
Fighting       | 3 4 |  4.4
Stealth        | 3 4 |  4.2
Unarmed Combat | 3 4 5 6 8 |  8.7
Dodging        | 2 3 |  3.0

Action                   |  1- 3 |  4- 6 |  7- 9 || total
-------------------------+-------+-------+-------++-------
Melee: Unarmed           |    12 |   171 |   140 ||   323
       Punch             |       |       |     5 ||     5
  Use: Potion            |       |       |     2 ||     2
 Stab: Sleeping          |       |    13 |     5 ||    18
Armor: Robe              |     6 |    45 |    48 ||    99
Dodge: Dodged            |     2 |    72 |    55 ||   129

Table legend: (Time is in decaauts)
 A = Elapsed time spent in this place.
 B = Non-inter-level travel time spent in this place.
 C = Inter-level travel time spent in this place.
 D = Time resting spent in this place.
 E = Time spent auto-exploring this place.
 F = Levels seen in this place.
 G = Mean time per level.
                   A        B        C        D        E       F      G
               +--------+--------+--------+--------+--------+-----+--------+
         Total |   5011 |   4774 |    237 |      0 |   4047 |   7 |  715.9 |
       Dungeon |   5011 |   4774 |    237 |      0 |   4047 |   7 |  715.9 |
               +--------+--------+--------+--------+--------+-----+--------+

Top non-repeatable levels by time:
     D:1: 1001 daAuts
     D:5: 970 daAuts
     D:3: 938 daAuts
     D:4: 760 daAuts
     D:2: 661 daAuts
     D:6: 504 daAuts
     D:7: 173 daAuts
